 Dungeon Crawl Stone Soup version 0.18.1-50-g88ac8fd (webtiles) character file.

10568 go0n the Blocker (level 11, -18/117 HPs)
             Began as a Minotaur Fighter on Sept 25, 2016.
             Was the Champion of Okawaru.
             Killed from afar by Erica (24 damage)
             ... with a wand of lightning
             ... on level 10 of the Dungeon.
             The game lasted 00:43:10 (12004 turns).

go0n the Blocker (Minotaur Fighter)                Turns: 12004, Time: 00:43:11

Health: -18/117    AC: 17    Str: 23    XL:     11   Next: 37%
Magic:  10/10      EV:  8    Int:  5    God:    Okawaru [******]
Gold:   109        SH: 15    Dex: 13    Spells: 0 memorised, 10 levels left

rFire  . . .     SeeInvis .     E - +11 dagger of the Vestibule of Hell {freeze, Dex+3}
rCold  . . .     Gourm    .     b - +0 plate armour
rNeg   . . .     Faith    .     c - +2 shield
rPois  .         Spirit   .     (helmet restricted)
rElec  .         Dismiss  .     (no cloak)
rCorr  .         Reflect  .     m - +0 pair of gloves
SustAt .         Harm     .     u - +0 pair of boots
MR     .....                    T - amulet of Vitality {Regen+ HP+15}
Stlth  ..........               t - ring of stealth
                                l - +2 ring of evasion

@: slowed, very slow, not resistant to hostile enchantments, extremely
unstealthy
A: retaliatory headbutt, horns 2, rough black scales 1, slow regeneration 1
a: Heroism, Finesse, Renounce Religion


You were on level 10 of the Dungeon.
You worshipped Okawaru.
Okawaru was exalted by your worship.
You were not hungry.

You visited 1 branch of the dungeon, and saw 11 of its levels.
You also visited: Sewer.

You collected 758 gold pieces.
You spent 649 gold pieces at shops.

Inventory:

Hand Weapons
 a - a +1 long sword of freezing
 o - the +8 hand axe "Azudgh" {chop, +Inv rC+ Str+4 Dex-2}
   (You found it on level 4 of the Dungeon)

   It inflicts extra damage upon your enemies.
   It affects your strength (+4).
   It affects your dexterity (-2).
   It protects you from cold.
   It lets you turn invisible.
 E - the +11 dagger of the Vestibule of Hell (weapon) {freeze, Dex+3}
   (You found it on level 4 of the Dungeon)

   It has been specially enchanted to freeze those struck by it, causing extra
   injury to most foes and up to half again as much damage against particularly
   susceptible opponents.
   It can also slow down cold-blooded creatures.
   It affects your dexterity (+3).
 S - a +0 long sword
Missiles
 q - 6 tomahawks (quivered)
Armour
 b - a +0 plate armour (worn)
 c - a +2 shield (worn)
 m - a +0 pair of gloves (worn)
 u - a +0 pair of boots (worn)
 v - a +0 large shield
 x - a +0 plate armour
Jewellery
 l - a +2 ring of evasion (left hand)
 t - a ring of stealth (right hand)
 B - an uncursed amulet of harm
 Q - an uncursed ring of flight
 T - the amulet of Vitality (around neck) {Regen+ HP+15}
   (You bought it in a shop on level 4 of the Dungeon)

   [amulet of regeneration]

   It affects your health (+15).
   It increases your rate of regeneration.
Wands
 h - a wand of polymorph (8/24)
 i - a wand of enslavement (16/24)
 z - a wand of confusion (30/48)
 K - a wand of lightning (7/15)
 M - a wand of paralysis (4/24)
Scrolls
 d - 3 scrolls of fear
 n - 2 scrolls of blinking
 s - 4 scrolls of teleportation
 w - 8 scrolls of identify
 A - a scroll of recharging
 C - a scroll of silence {unknown}
 F - a scroll of summoning
 G - 2 scrolls of magic mapping
 N - 2 scrolls of fog
Potions
 e - 3 potions of lignification
 k - 2 potions of brilliance
 p - 7 potions of flight
 I - 3 potions of magic
 J - 3 potions of might
 L - a potion of ambrosia {unknown}
Books
 g - a book of Beasts

   Spells                             Type                      Level
   a - Summon Butterflies             Summoning                    1
   b - Call Canine Familiar           Summoning                    3
   c - Summon Ice Beast               Ice/Summoning                4
   d - Summon Mana Viper              Hexes/Summoning              5
   e - Summon Hydra                   Summoning                    7
 j - a book of the Dragon

   Spells                             Type                      Level
   a - Flame Tongue                   Conjuration/Fire             1
   b - Cause Fear                     Hexes                        4
   c - Bolt of Fire                   Conjuration/Fire             6
   d - Dragon Form                    Transmutation                7
   e - Dragon's Call                  Summoning                    9
 y - a Fen Folio

   Spells                             Type                      Level
   a - Corpse Rot                     Necromancy                   2
   b - Stone Arrow                    Conjuration/Earth            3
   c - Leda's Liquefaction            Hexes/Earth                  4
   d - Summon Forest                  Summoning/Translocation      5
   e - Hydra Form                     Transmutation                6
   f - Summon Hydra                   Summoning                    7
 D - a book of Beasts

   Spells                             Type                      Level
   a - Summon Butterflies             Summoning                    1
   b - Call Canine Familiar           Summoning                    3
   c - Summon Ice Beast               Ice/Summoning                4
   d - Summon Mana Viper              Hexes/Summoning              5
   e - Summon Hydra                   Summoning                    7
 R - a book of Summonings

   Spells                             Type                      Level
   a - Recall                         Summoning/Translocation      3
   b - Aura of Abjuration             Summoning                    5
   c - Summon Demon                   Summoning                    5
   d - Summon Forest                  Summoning/Translocation      5
   e - Summon Mana Viper              Hexes/Summoning              5
   f - Shadow Creatures               Summoning                    6
Comestibles
 f - 2 bread rations
 r - 2 meat rations
 H - a slice of pizza
 O - 2 beef jerkies
 P - a fruit


   Skills:
 + Level 11.4 Fighting
 - Level 3.4(8.4) Short Blades
 * Level 12.8(13.0) Long Blades
 - Level 3.6 Armour
 + Level 12.9 Shields


You had 10 spell levels left.
You didn't know any spells.

Dungeon Overview and Level Annotations

Branches:
Dungeon (11/15)            Temple (0/1) D:7             Orc (0/2) D:10
   Lair: D:8-11

Altars:
Cheibriados
Dithmenos
Gozag
Makhleb
Nemelex Xobeh
Okawaru
Ru
Trog
The Shining One

Shops:
D:4 :}!?=   D:8 [

Annotations:
D:11 Erica


Innate Abilities, Weirdness & Mutations

You reflexively headbutt those who attack you in melee.
You have a pair of horns on your head.
You are partially covered in rough black scales (AC +4, Dex -1).
You regenerate slowly when monsters are visible.


Message History

You feel less confused. You block the big kobold's attack.
The kobold shoots a bolt.
The cyclops completely misses you. You furiously retaliate!
You headbutt the cyclops! Something hits you but does no damage.
The kobold hits you but does no damage. The big kobold hits you with a dagger.
* * * LOW HITPOINT WARNING * * *
You climb upwards.
There is a stone staircase leading down, spattered with blood here.
Things that are here:
a yak corpse; a sheep corpse You hear a zap.
A bolt of lightning appears from out of thin air!
The bolt of lightning hits the kobold.
The kobold dies!
The bolt of lightning hits you!
* * * LOW HITPOINT WARNING * * *
You hear a zap.
A bolt of lightning appears from out of thin air!
The bolt of lightning hits you!
You die...

##..##.#......# ########## #.....
.....#.###.#.####........# #.....
##...#.# #.#.)........(..# #.....
.....#.###.#####.........###.....
.#...#.#.......#.................
.#####.#.#.###.##.)......#######.
.#.....#.#.....#..).############.
.#.#####.#.#...KC>...............
##.# #.#.#####@##.####.#.......
#.#####.#..........# #.#.###.##
#.......#####......# #.#.# #.#
######### #......####.#.# #.#
#...........#.###.##
###########......... #......###
#......# #......#


You could see a cyclops and a big kobold.

Vanquished Creatures
  The ghost of Thomus the Eclecticist, a journeyman DECj of Vehumet (D:10)
  3 hill giants (D:10)
  Pikel (D:4)
  The ghost of atarun the Skirmisher, a novice DsBe of Trog (D:6)
  3 ugly things (D:10)
  A two-headed ogre (D:10)
  Sigmund (D:4)
  A wyvern (D:9)
  7 yaks
  Edmund (D:6)
  A water moccasin (D:10)
  4 orc warriors
  A black bear (D:10)
  2 phantoms
  2 sky beasts
  A slave (D:4)
  3 ogres
  A centaur (D:5)
  2 big kobolds (D:6)
  4 giant frogs
  A wyvern skeleton (D:7)
  5 scorpions
  10 killer bees
  3 howler monkeys (D:9)
  4 crimson imps
  A quasit (D:10)
  A giant frog zombie (D:3)
  A centaur zombie (D:11)
  5 hounds
  A jelly (D:7)
  2 giant frog skeletons
  9 orc priests
  7 orc wizards
  15 worker ants
  Natasha (thrice) (D:4)
  3 iguanas
  A killer bee zombie (D:7)
  3 sheep (D:10)
  A hound zombie (D:5)
  A hound skeleton (D:6)
  A worker ant zombie (D:5)
  7 gnolls
  A howler monkey skeleton (D:10)
  17 adders
  4 river rats (Sewer)
  3 shadow imps
  2 oozes
  An adder skeleton (D:6)
  4 worms
  5 dart slugs
  6 giant geckos
  32 orcs
  4 ball pythons
  13 giant cockroaches
  8 goblins
  4 hobgoblins
  12 jackals
  3 quokkas
  2 bats (D:1)
  A giant gecko zombie (D:7)
  9 giant newts
  19 kobolds
  A quokka skeleton (D:6)
  19 rats
296 creatures vanquished.

Vanquished Creatures (others)
  A yak (D:11)
  A slave (D:4)
  An orc (D:4)
  2 kobolds
5 creatures vanquished.

Grand Total: 301 creatures vanquished

Notes
Turn   | Place    | Note
--------------------------------------------------------------
     0 | D:1      | go0n the Minotaur Fighter began the quest for the Orb.
     0 | D:1      | Reached XP level 1. HP: 19/19 MP: 0/0
    88 | D:1      | Reached XP level 2. HP: 27/27 MP: 1/1
   365 | D:1      | Reached XP level 3. HP: 18/33 MP: 2/2
   720 | D:1      | Gained mutation: You are frail (-10% HP). [potion of mutation]
   720 | D:1      | Gained mutation: You are clumsy. (Dex -2) [potion of mutation]
   720 | D:1      | Gained mutation: You are occasionally teleported next to monsters. [potion of mutation]
  1277 | D:2      | Reached XP level 4. HP: 36/36 MP: 3/3
  1394 | D:2      | Found a snail-covered altar of Cheibriados.
  1688 | D:3      | Found a faded altar to an unknown god.
  1775 | D:3      | Found a shadowy altar of Dithmenos.
  1791 | D:3      | Reached skill level 5 in Long Blades
  1898 | D:3      | Gained mutation: You are very frail (-20% HP). [potion of mutation]
  1898 | D:3      | Gained mutation: Your movements are slightly less encumbered by armour (ER -2). [potion of mutation]
  1898 | D:3      | Gained mutation: You are extremely frail (-30% HP). [potion of mutation]
  2115 | D:3      | Found an opulent altar of Gozag.
  2174 | D:3      | Noticed a sky beast
  2181 | D:3      | Killed a sky beast
  2181 | D:3      | Reached skill level 5 in Fighting
  2181 | D:3      | Reached XP level 5. HP: 27/33 MP: 4/4
  2695 | D:3      | Found a burning altar of Makhleb.
  2735 | D:3      | Found an iron altar of Okawaru.
  2737 | D:3      | Found a sacrificial altar of Ru.
  2772 | D:3      | Became a worshipper of Warmaster Okawaru
  2936 | D:4      | Reached XP level 6. HP: 39/39 MP: 5/5
  2996 | D:4      | Noticed Pikel
  2996 | D:4      | Noticed a slave
  2996 | D:4      | Noticed a slave
  2996 | D:4      | Noticed a slave
  2998 | D:4      | Noticed a slave
  3006 | D:4      | Killed a slave
  3018 | D:4      | Killed Pikel
  3018 | D:4      | Reached * piety under Okawaru
  3018 | D:4      | Reached XP level 7. HP: 20/44 MP: 6/6
  3074 | D:4      | Reached ** piety under Okawaru
  3098 | D:4      | Found Foubia's Book Shoppe.
  3313 | D:4      | Got a sapphire dagger
  3314 | D:4      | Identified the +11 dagger of the Vestibule of Hell {freeze, Dex+3} (You found it on level 4 of the Dungeon)
  3398 | D:4      | Found Qotrak's Gadget Shop.
  3402 | D:4      | Got a jewelled hand axe
  3406 | D:4      | Identified the +8 hand axe "Azudgh" {chop, +Inv rC+ Str+4 Dex-2} (You found it on level 4 of the Dungeon)
  3430 | D:4      | Found Yzuwaff's Magic Scroll Emporium.
  3435 | D:4      | Noticed Sigmund
  3444 | D:4      | Killed Sigmund
  3620 | D:4      | Bought a scroll of summoning for 123 gold pieces
  3620 | D:4      | Bought a scroll of magic mapping for 45 gold pieces
  3646 | D:4      | Found Cexe's Jewellery Shop.
  3678 | D:4      | Found Sewaosant's Distillery.
  3805 | D:4      | Noticed Natasha
  3814 | D:4      | Killed Natasha
  3830 | D:4      | Noticed Natasha
  3833 | D:4      | Killed Natasha
  3899 | D:4      | Noticed Natasha
  3905 | D:4      | Killed Natasha
  3905 | D:4      | Reached XP level 8. HP: 51/51 MP: 7/7
  3967 | D:5      | Entered Level 5 of the Dungeon
  4303 | D:5      | Found a glowing drain.
  4339 | Sewer    | Entered a sewer
  5404 | D:6      | Reached *** piety under Okawaru
  5770 | D:6      | Noticed a moth of wrath
  5773 | D:6      | Found a bloodstained altar of Trog.
  5813 | D:6      | Got a smoking war axe
  5814 | D:6      | Identified the +6 war axe "Mesid" {venom, rF+ Str-5 Dex+9 SInv} (You found it on level 6 of the Dungeon)
  6073 | D:6      | Found a glowing golden altar of the Shining One.
  6196 | D:6      | Noticed atarun's ghost (novice DsBe)
  6216 | D:6      | Killed atarun's ghost
  6216 | D:6      | Reached XP level 9. HP: 32/57 MP: 8/8
  6235 | D:6      | Noticed Edmund
  6244 | D:6      | Killed Edmund
  7106 | D:7      | Reached skill level 10 in Shields
  7109 | D:7      | Reached **** piety under Okawaru
  7123 | D:7      | Gained mutation: You are partially covered in rough black scales (AC +4, Dex -1). [potion of beneficial mutation]
  7415 | D:7      | Found a staircase to the Ecumenical Temple.
  7957 | D:8      | Found Cimyah's Armour Shoppe.
  8521 | D:8      | Lost mutation: You are occasionally teleported next to monsters. [potion of cure mutation]
  8521 | D:8      | Lost mutation: You are extremely frail (-30% HP). [potion of cure mutation]
  8521 | D:8      | Lost mutation: You are very frail (-20% HP). [potion of cure mutation]
  8521 | D:8      | Lost mutation: You are clumsy. (Dex -2) [potion of cure mutation]
  8521 | D:8      | Lost mutation: Your movements are slightly less encumbered by armour (ER -2). [potion of cure mutation]
  9057 | D:4      | Gained mutation: You regenerate slowly when monsters are visible. [potion of mutation]
  9057 | D:4      | Lost mutation: You are frail (-10% HP). [potion of mutation]
  9263 | D:8      | Reached XP level 10. HP: 69/92 MP: 9/9
  9886 | D:9      | Reached skill level 10 in Long Blades
  9888 | D:9      | Reached skill level 10 in Fighting
  9987 | D:9      | Found a sparkling altar of Nemelex Xobeh.
 10269 | D:10     | Entered Level 10 of the Dungeon
 10428 | D:10     | Noticed a hill giant
 10435 | D:10     | Noticed Thomus's ghost (journeyman DECj)
 10455 | D:10     | Killed a hill giant
 10455 | D:10     | Reached ***** piety under Okawaru
 10497 | D:10     | Killed Thomus's ghost
 10564 | D:10     | Noticed a hill giant
 10574 | D:10     | Killed a hill giant
 10613 | D:10     | Found a staircase to the Orcish Mines.
 10812 | D:10     | Reached XP level 11. HP: 65/101 MP: 10/10
 11475 | D:4      | Bought the amulet of Vitality {Regen+ HP+15} for 481 gold pieces
 11629 | D:11     | Noticed Erica
 11629 | D:11     | Noticed a cyan ugly thing
 11629 | D:11     | Noticed a purple ugly thing
 11657 | D:10     | Killed a white ugly thing
 11662 | D:10     | Killed a cyan ugly thing
 11771 | D:11     | Noticed a purple ugly thing
 11786 | D:11     | Noticed a hill giant
 11814 | D:10     | Reached ****** piety under Okawaru
 11853 | D:10     | Killed a purple ugly thing
 11859 | D:10     | Killed a hill giant
 12004 | D:10     | Killed from afar by Erica

Skill      XL: |  1  2  3  4  5  6  7  8  9 10 11 |
---------------+----------------------------------+-----
Long Blades    | 3 4 5 6 8 9 11 12 | 12.8
Fighting       | 4 5 6 7 8 9 10 11 | 11.4
Shields        | 4 6 9 11 12 | 12.9
Short Blades   | 3 |  3.4
Armour         | |  3.6

Action                   |  1- 3 |  4- 6 |  7- 9 | 10-12 || total
-------------------------+-------+-------+-------+-------++-------
Melee: Long sword        |    98 |    79 |     9 |       ||   186
       Headbutt          |    12 |    14 |    49 |    58 ||   133
       Dagger            |       |       |   306 |   247 ||   553
Throw: Tomahawk          |       |       |     2 |       ||     2
Invok: Heroism           |       |       |     1 |     3 ||     4
       Finesse           |       |       |       |     1 ||     1
Evoke: Wand              |       |       |       |     2 ||     2
  Use: Potion            |     4 |     5 |     7 |     5 ||    21
       Scroll            |     2 |     3 |     9 |       ||    14
 Stab: Sleeping          |       |       |     1 |       ||     1
  Eat: Chunk             |     1 |     1 |     5 |     4 ||    11
       Bread ration      |       |     1 |     2 |     1 ||     4
       Royal jelly       |       |       |     1 |       ||     1
       Fruit             |       |       |     2 |     2 ||     4
       Pizza             |       |       |     1 |     1 ||     2
       Beef jerky        |       |       |     1 |       ||     1
Armor: Scale mail        |    48 |    28 |    17 |       ||    93
       Plate armour      |       |       |    70 |   100 ||   170
Dodge: Dodged            |    36 |    25 |    69 |    54 ||   184
Block: Shield            |    53 |    40 |   205 |   142 ||   440
